 Dungeon Crawl Stone Soup version 0.29-a0-923-g6e406bff71 (webtiles) character file.

Game seed: 572802981981722511

1148 leavemydog the Zephyrmancer (level 8, -1/41 HPs)
             Began as a Tengu Air Elementalist on July 27, 2022.
             Was an Initiate of Vehumet.
             Killed by divine providence
             ... invoked by an orc priest
              (12 damage)
             ... on level 6 of the Dungeon.
             The game lasted 00:15:55 (6134 turns).

leavemydog the Zephyrmancer (TeAE)                  Turns: 6134, Time: 00:15:56

Health: -1/41      AC:  2    Str:  8    XL:     8   Next: 38%
Magic:  19/25      EV: 18    Int: 18    God:    Vehumet [......]
Gold:   345        SH:  0    Dex: 15    Spells: 9/16 levels left

rFire   . . .      SeeInvis .   j - +1 quarterstaff (spect)
rCold   . . .      Faith    .   (shield currently unavailable)
rNeg    . . .      Spirit   .   a - +0 robe
rPois   .          Reflect  .   (helmet restricted)
rElec   .          Harm     .   (no cloak)
rCorr   .          Rampage  .   (no gloves)
Will    .....                   (boots unavailable)
Stlth   ++........              (no amulet)
HPRegen 0.13/turn               x - ring of magical power
MPRegen 0.19/turn               y - +4 ring of evasion

@: flying quickly and evasively, quick
A: beak, talons 3, nimble flight
a: Renounce Religion


You were on level 6 of the Dungeon.
You worshipped Vehumet.
Vehumet was noncommittal.
You visited 1 branch of the dungeon, and saw 6 of its levels.

You collected 345 gold pieces.

Inventory:

Hand Weapons
 j - a +1 spectral quarterstaff (weapon)
Armour
 a - a +0 robe (worn)
Jewellery
 x - a ring of magical power (left hand)
 y - a +4 ring of evasion (right hand)
Wands
 m - a wand of polymorph (8)
Scrolls
 b - 2 scrolls of amnesia
 g - a scroll of vulnerability {unknown}
 h - 3 scrolls of blinking
 i - a scroll of fog
 l - 2 scrolls of teleportation
 q - a scroll of torment {unknown}
 s - a scroll of immolation {unknown}
 t - a scroll of magic mapping {unknown}
 u - a scroll of enchant weapon {unknown}
 v - a scroll of identify {unknown}
Potions
 c - a potion of cancellation {unknown}
 d - 3 potions of curing
 e - a potion of mutation {unknown}
 f - a potion of degeneration {unknown}
 k - 5 potions of berserk rage {unknown}
 n - a potion of invisibility {unknown}
 o - 2 potions of might {unknown}
 p - 2 potions of magic
 r - a potion of ambrosia {unknown}
 w - a potion of heal wounds {unknown}


   Skills:
 + Level 0.3 Fighting
 - Level 1.0 Staves
 - Level 2.1 Dodging
 - Level 2.0 Stealth
 + Level 4.9 Spellcasting
 * Level 6.7 Conjurations
 + Level 9.2 Air Magic


You had 9 spell levels left.
You knew the following spells:

 Your Spells              Type           Power      Damage    Failure   Level
a - Shock                 Conj/Air       100%       1d9       1%          1
b - Static Discharge      Conj/Air       33%        3-8/arc   1%          2
c - Airstrike             Air            18%        0-7+      3%          4

Your spell library contained the following spells:

 Spells                   Type           Power      Damage    Failure   Level
 Swiftness                Air            37%        N/A       1%          3
 Necrotise                Necr           16%        1d4       14%         1
 Vampiric Draining        Necr           4%         2d6       38%         3
 Agony                    Necr           4%         N/A       98%         5


Dungeon Overview and Level Annotations

Branches:
Dungeon (6/15)             Temple (0/1) D:5

Altars:
Cheibriados
Qazlal
Vehumet
Yredelemnul

Shops:
D:5 =

Annotations:
D:3 1 runed translucent door, Crazy Yiuf
D:5 3 runed translucent doors, beholder's ghost, weakling PaDe


Innate Abilities, Weirdness & Mutations

You have a beak for a mouth.
You have claws for feet.
Your magical nature lets you fly swiftly and evasively.


Message History

The zap hits the orc!
You kill the orc!
Vehumet accepts your kill.
An orc priest comes into view. It is wielding a +0 hand axe.
An orc comes into view. It is wielding a +0 club.
Casting: Shock (safe; 1% risk of failure)
Confirm with . or Enter, or press ? or * to list all spells.
Aiming: Airstrike (dangerous; 3% risk of failure)
Press: ? - help, Dir - move target, f - orc priest
Aim: an orc priest, wielding a +0 hand axe and wearing a +0 leather armour (wandering, hasn't noticed you, empty space bonus: 2/8)
The air twists around and strikes the orc priest!
The orc priest is severely wounded.
The orc shouts!
The orc priest mumbles some strange prayers to Beogh against you.
Beogh smites you!
An orc comes into view. It is wielding a +0 dagger.
Casting: Airstrike (dangerous; 3% risk of failure)
Confirm with . or Enter, or press ? or * to list all spells.
Aiming: Shock (safe; 1% risk of failure)
Press: ? - help, Shift-Dir - straight line, f/p - orc priest
Aim: an orc priest, wielding a +0 hand axe and wearing a +0 leather armour (severely wounded, 74% to hit)
The zap hits the orc!
You kill the orc!
Vehumet accepts your kill.
The zap hits the orc priest.
The orc priest is almost dead.
The orc priest calls down the wrath of Beogh upon you.
Beogh smites you!
* * * LOW HITPOINT WARNING * * *
Casting: Shock (safe; 1% risk of failure)
Confirm with . or Enter, or press ? or * to list all spells.
Aiming: Shock (safe; 1% risk of failure)
Press: ? - help, Shift-Dir - straight line, f/p - orc priest
Aim: an orc priest, wielding a +0 hand axe and wearing a +0 leather armour (severely wounded, 74% to hit)
The zap hits the orc priest.
The orc priest is almost dead.
A sky beast comes into view.
The orc priest invokes the aid of Beogh against you.
Beogh smites you!
You die...

#).
#o.
#o.
#.#
#.#
#.#
#.#
##.#
#@.#
##)##
#..#
#.##
#.#
#)#
#.#
#)#
#.#


You could see an orc priest and an orc.

Vanquished Creatures
  Grinder (D:3)
  A water moccasin (D:4)
  2 black bears (D:5)
  An ogre (D:4)
  A centaur (D:5)
  A jelly (D:4)
  A hound (D:5)
  Terence (D:2)
  Jessica (D:2)
  2 iguanas
  Ijyb (D:4)
  3 orc wizards
  7 gnolls (D:5)
  10 adders
  A worm (D:3)
  3 dart slugs
  11 orcs
  5 endoplasms
  5 giant cockroaches
  3 hobgoblins
  4 jackals (D:1)
  3 kobolds
  3 quokkas
  5 ball pythons
  6 bats
  4 frilled lizards
  4 goblins
  6 rats
96 creatures vanquished.

Vanquished Creatures (others)
  7 plants (D:2)
7 creatures vanquished.

Grand Total: 103 creatures vanquished

Notes
Turn   | Place    | Note
-------+----------+-------------------------------------------
     0 | D:1      | leavemydog the Tengu Air Elementalist began the quest for
                  | the Orb.
     0 | D:1      | Reached XP level 1. HP: 10/10 MP: 4/4
   351 | D:1      | Reached XP level 2. HP: 12/15 MP: 0/6
   736 | D:1      | Found a faded altar of an unknown god.
  1247 | D:2      | Reached skill level 5 in Air Magic
  1261 | D:2      | Learned a level 2 spell: Static Discharge
  1272 | D:2      | Reached XP level 3. HP: 19/19 MP: 3/7
  1354 | D:2      | Noticed Jessica
  1356 | D:2      | Killed Jessica
  1543 | D:2      | Reached XP level 4. HP: 7/24 MP: 6/8
  2477 | D:2      | Noticed Terence
  2484 | D:2      | Killed Terence
  2485 | D:2      | Gained mutation: Your magical nature lets you fly swiftly
                  | and evasively. [Tengu growth]
  2485 | D:2      | Reached XP level 5. HP: 18/28 MP: 3/10
  2720 | D:3      | Learned a level 4 spell: Airstrike
  2829 | D:3      | Noticed Grinder
  2840 | D:3      | Killed Grinder
  2841 | D:3      | Reached skill level 6 in Air Magic
  2841 | D:3      | Reached XP level 6. HP: 31/32 MP: 1/12
  3627 | D:3      | Found a runed translucent door.
  3628 | D:3      | Noticed Crazy Yiuf
  3660 | D:4      | Noticed Ijyb
  3663 | D:4      | Killed Ijyb
  3664 | D:4      | Reached skill level 7 in Air Magic
  3879 | D:4      | Noticed a water moccasin
  3884 | D:4      | Killed a water moccasin
  3885 | D:4      | Reached skill level 5 in Conjurations
  3885 | D:4      | Reached XP level 7. HP: 36/36 MP: 8/13
  4023 | D:4      | Reached skill level 8 in Air Magic
  4278 | D:4      | Found a basalt altar of Yredelemnul.
  4285 | D:4      | Found a radiant altar of Vehumet.
  4285 | D:4      | Found a stormy altar of Qazlal.
  4290 | D:4      | Became a worshipper of Vehumet
  4407 | D:5      | Entered Level 5 of the Dungeon
  4508 | D:4      | HP: 1/36 [ufetubus (3)]
  4813 | D:5      | Found a runed translucent gate.
  4866 | D:5      | Found a runed translucent gate.
  4867 | D:5      | Found a runed translucent gate.
  4869 | D:5      | Noticed beholder's ghost (weakling PaDe)
  4974 | D:5      | Reached skill level 1 in Staves
  4974 | D:5      | Reached XP level 8. HP: 24/41 MP: 8/15
  5313 | D:5      | Found Taeddon's Jewellery Shoppe.
  5440 | D:5      | Reached skill level 9 in Air Magic
  5628 | D:5      | Found a staircase to the Ecumenical Temple.
  5917 | D:5      | Found a snail-covered altar of Cheibriados.
  6134 | D:6      | Killed from afar by an orc priest

Illustrated notes

Levels and vault maps discovered:
D:1:      lemuel_arrival_cross, layout_loops_ring,
          dreamdust_ecumenical_altar_grove, minmay_door_square,
          patterned_corridor
D:2:      layout_loops_corners, grunt_decor_one_mirror, serial_bayou_lake_a,
          uniq_terence, uniq_jessica
D:3:      layout_basic, minmay_misc_feat_hallway, uniq_grinder,
          uniq_crazy_yiuf_cottage
D:4:      layout_rooms, chequers_temple_overflow_statue_of_worship,
          kennysheep_generic_room_12, uniq_ijyb
D:5:      layout_basic, chei_slow_surprise, temple_statues,
          gammafunk_ghost_necromancy, hangedman_decor_points,
          kennysheep_windowed_goal
D:6:      layout_rooms, amethyst_overflow_temple_binary, uniq_blork_the_orc

Skill      XL: |  1  2  3  4  5  6  7  8 |
---------------+-------------------------+-----
Air Magic      | 5 6 7 8 9 |  9.2
Conjurations   | 2 3 4 5 6 |  6.7
Spellcasting   | 3 4 |  4.9
Staves         | 1 |  1.0
Fighting       | |  0.3
Dodging        | |  2.1
Stealth        | |  2.0

Action                   |  1- 3 |  4- 6 |  7- 9 || total
-------------------------+-------+-------+-------++-------
Melee: Unarmed           |     3 |       |       ||     3
       Quarterstaff      |       |    11 |     3 ||    14
       Kick              |       |     2 |       ||     2
       Peck              |       |     2 |       ||     2
 Cast: Shock             |    50 |    67 |    79 ||   196
       Static Discharge  |     1 |     5 |     5 ||    11
       Airstrike         |       |       |     8 ||     8
  Use: Potion            |     1 |       |     2 ||     3
       Scroll            |       |     2 |     3 ||     5
Armor: Robe              |     5 |       |     7 ||    12
Dodge: Dodged            |    13 |    14 |    45 ||    72

Table legend: (Time is in decaauts)
 A = Elapsed time spent in this place.
 B = Non-inter-level travel time spent in this place.
 C = Inter-level travel time spent in this place.
 D = Time resting spent in this place.
 E = Time spent auto-exploring this place.
 F = Levels seen in this place.
 G = Mean time per level.
                   A        B        C        D        E       F      G
               +--------+--------+--------+--------+--------+-----+--------+
         Total |   5974 |   5796 |    178 |   1872 |   3411 |   6 |  995.7 |
       Dungeon |   5974 |   5796 |    178 |   1872 |   3411 |   6 |  995.7 |
               +--------+--------+--------+--------+--------+-----+--------+

Top non-repeatable levels by time:
     D:2: 1474 daAuts
     D:1: 1221 daAuts
     D:5: 1218 daAuts
     D:4: 1098 daAuts
     D:3: 907 daAuts
     D:6: 54 daAuts
